 Dungeon Crawl Stone Soup version 0.19.5 (webtiles) character file.

14466 ozymandias0 the Cleaver (level 11, -10/102 HPs)
             Began as a Minotaur Fighter on Apr 13, 2017.
             Mangled by Megalobster's ghost (16 damage)
             ... on level 13 of the Dungeon.
             The game lasted 00:42:42 (8907 turns).

ozymandias0 the Cleaver (Minotaur Fighter)          Turns: 8907, Time: 00:42:43

Health: -10/102    AC: 21    Str: 25    XL:     11   Next: 89%
Magic:  0/10       EV:  8    Int:  8    God:
Gold:   532        SH: 12    Dex:  9    Spells: 0 memorised, 10 levels left

rFire  . . .     SeeInvis +     p - +9 sword of Zonguldrok {reap}
rCold  . . .     Gourm    .     o - +3 plate armour
rNeg   . . .     Faith    .     c - +0 shield
rPois  .         Spirit   +     (helmet restricted)
rElec  .         Reflect  .     (no cloak)
rCorr  .         Harm     .     E - +2 pair of gloves {archery}
MR     .....                    (no boots)
Stlth  ..........               t - amulet of guardian spirit
                                y - ring of see invisible
                                g - +3 ring of intelligence

@: no status effects
A: retaliatory headbutt, horns 2
a: no special abilities


You were on level 13 of the Dungeon.
You were not hungry.

You visited 1 branch of the dungeon, and saw 12 of its levels.
You also visited: Sewer.

You collected 907 gold pieces.
You spent 375 gold pieces at shops.

Inventory:

Hand Weapons
 a - a +1 war axe
 p - the +9 sword of Zonguldrok (weapon) {reap}
   (You found it on level 10 of the Dungeon)

   If a monster killed with it leaves a corpse in good enough shape, the corpse
   will be animated as a zombie friendly to the killer.
Missiles
 x - 3 tomahawks (quivered)
Armour
 c - a +0 shield (worn)
 o - a +3 plate armour (worn)
 E - a +2 pair of gloves of archery (worn)
Jewellery
 g - a +3 ring of intelligence (left hand)
 t - an amulet of guardian spirit (around neck)
 w - an uncursed ring of positive energy {unknown}
 y - a ring of see invisible (right hand)
 F - a cursed amulet of inaccuracy {unknown}
Scrolls
 b - a scroll of recharging {unknown}
 h - 9 scrolls of identify
 i - 2 scrolls of amnesia
 q - a scroll of teleportation
 s - 2 scrolls of remove curse
 z - a scroll of enchant armour
 B - 2 scrolls of blinking {unknown}
Potions
 d - 4 potions of might
 k - 2 potions of lignification
 n - 3 potions of cure mutation {unknown}
 r - 2 potions of agility {unknown}
 u - 3 potions of mutation {unknown}
 A - 3 potions of flight {unknown}
 D - a potion of magic {unknown}
Books
 e - a book of Callings

   Spells                             Type                      Level
   a - Summon Small Mammal            Summoning                    1
   b - Call Imp                       Summoning                    2
   c - Call Canine Familiar           Summoning                    3
   d - Summon Guardian Golem          Hexes/Summoning              3
   e - Summon Lightning Spire         Summoning/Air                4
   f - Summon Ice Beast               Ice/Summoning                4
Comestibles
 f - 7 bread rations
 l - 2 meat rations
 m - 4 royal jellies
 v - 10 slices of pizza
 C - 3 fruits
 G - 2 beef jerkies


   Skills:
 + Level 11.4 Fighting
 + Level 5.4 Long Blades
 + Level 13.7 Axes
 + Level 10.2 Armour
 + Level 5.3 Dodging
 + Level 0.8 Stealth
 + Level 10.7 Shields


You had 10 spell levels left.
You didn't know any spells.

Dungeon Overview and Level Annotations

Branches:
Dungeon (11/15)            Temple (0/1) D:7            Lair (0/6) D:9
    Orc: D:9-12

Altars:
Ashenzari
Dithmenos
Gozag
Makhleb
Sif Muna
Uskayaw
Vehumet
Xom

Shops:
D:8 %[

Annotations:
D:13 Megalobster's ghost, journeyman MiBe


Innate Abilities, Weirdness & Mutations

You reflexively headbutt those who attack you in melee.
You have a pair of horns on your head.


Message History

You closely miss Megalobster's ghost.
Your headbutt misses Megalobster's ghost.
Megalobster's ghost is heavily damaged.
You block Megalobster's ghost's attack.
Your plate armour prevents you from hitting Megalobster's ghost.
Megalobster's ghost is heavily damaged.
You block Megalobster's ghost's attack.
Megalobster's ghost hits you but does no damage.
You hit Megalobster's ghost.
Megalobster's ghost is severely damaged.
You block Megalobster's ghost's attack.
You miss Megalobster's ghost.
Megalobster's ghost is severely damaged.
Megalobster's ghost hits you!!
* * * LOW HITPOINT WARNING * * *
Okay, then.
You hit Megalobster's ghost but do no damage.
Megalobster's ghost is severely damaged.
Megalobster's ghost hits you!
You die...

≈ ≈≈ ≈≈≈
≈≈≈≈#############
≈≈≈≈....W@.......
≈≈≈≈#...#.#######
≈≈≈≈#.#.#..:..######..
.≈≈...#.#.............
#............######.#
. #......##....#
#......##....#
#......###'##≈≈#
#.....## #.# ≈≈≈..


You could see Megalobster's ghost.

Vanquished Creatures
  Erolcha (D:9)
  A death knight (D:10)
  2 unseen horrors
  A hill giant (D:10)
  Pikel (D:4)
  A cyclops (D:10)
  A centaur zombie (D:10)
  The ghost of abbott299 the Covert, a novice SpAs (D:6)
  Grinder (D:5)
  A hornet (D:11)
  A hippogriff (D:10)
  A two-headed ogre (D:8)
  2 meliai zombies (D:11)
  14 yaks
  A vampire (D:11)
  A water elemental (D:13)
  3 hogs (D:11)
  Grum (D:9)
  A human (D:11)
  A hungry ghost (D:11)
  Menkaure (D:4)
  Duvessa (D:7)
  4 porcupines (D:9)
  2 slaves (D:4)
  3 ice beasts
  5 sky beasts
  An orc warrior (D:10)
  3 black bears
  A phantom (D:7)
  4 ogres
  6 centaurs
  4 wolves (D:9)
  2 crocodiles
  2 big kobolds (D:3)
  Blork the orc (D:5)
  3 bullfrogs
  Dowan (D:7)
  A water moccasin zombie (D:10)
  3 scorpions
  8 wights
  5 killer bees (D:8)
  2 howler monkeys
  3 crimson imps (D:5)
  2 orc priests
  A bullfrog skeleton (D:7)
  2 jellies
  A gnoll shaman (D:9)
  5 hounds
  5 orc wizards
  Ijyb (D:3)
  Natasha (thrice) (D:4)
  3 iguanas
  Terence (D:3)
  9 worker ants
  A hound zombie (D:10)
  13 gnolls
  10 adders
  3 river rats (D:9)
  A shadow imp (D:5)
  An ooze (D:1)
  A worm (D:5)
  A dart slug (D:1)
  3 leopard geckos
  20 orcs
  9 bats
  7 giant cockroaches
  32 goblins
  17 hobgoblins
  9 jackals
  14 kobolds
  8 quokkas
  A ball python skeleton (D:5)
  4 frilled lizards
  A leopard gecko skeleton (D:4)
  A quokka zombie (D:8)
  5 rats
298 creatures vanquished.

Vanquished Creatures (collateral kills)
  A hippogriff (D:10)
  A yak (D:10)
  A scorpion (D:10)
3 creatures vanquished.

Vanquished Creatures (others)
  A goblin (D:3)
  A bush (D:9)
  2 fungi (D:9)
  2 plants (D:9)
6 creatures vanquished.

Grand Total: 307 creatures vanquished

Notes
Turn   | Place    | Note
-------+----------+-------------------------------------------
     0 | D:1      | ozymandias0 the Minotaur Fighter began the quest for the Orb.
     0 | D:1      | Reached XP level 1. HP: 19/19 MP: 0/0
   138 | D:1      | Reached XP level 2. HP: 23/27 MP: 1/1
   497 | D:1      | Reached XP level 3. HP: 33/33 MP: 2/2
  1045 | D:2      | Reached XP level 4. HP: 39/40 MP: 3/3
  1301 | D:3      | Reached skill level 3 in Axes
  1501 | D:3      | Reached XP level 5. HP: 42/47 MP: 4/4
  1543 | D:3      | Reached skill level 4 in Axes
  1576 | D:3      | Reached skill level 5 in Shields
  1586 | D:3      | Reached skill level 5 in Axes
  1586 | D:3      | Reached skill level 5 in Armour
  1586 | D:3      | Reached XP level 6. HP: 14/55 MP: 5/5
  1953 | D:3      | Reached skill level 9 in Axes
  1953 | D:3      | Reached skill level 5 in Dodging
  1953 | D:3      | Reached XP level 7. HP: 70/70 MP: 6/6
  2011 | D:3      | Noticed Ijyb
  2025 | D:3      | Killed Ijyb
  2227 | D:3      | Found a faded altar of an unknown god.
  2233 | D:3      | Noticed Terence
  2245 | D:3      | Killed Terence
  2245 | D:3      | Reached XP level 8. HP: 67/78 MP: 7/7
  2901 | D:4      | Noticed Natasha
  2902 | D:4      | Killed Natasha
  2950 | D:4      | Noticed Natasha
  2955 | D:4      | Killed Natasha
  3047 | D:4      | Found a deep blue altar of Sif Muna.
  3116 | D:4      | Noticed Menkaure
  3123 | D:4      | Killed Menkaure
  3192 | D:4      | Noticed a dagger
  3192 | D:4      | Noticed a hand axe
  3194 | D:4      | Found a hide-covered altar of Uskayaw.
  3199 | D:4      | Noticed Pikel
  3201 | D:4      | Noticed Natasha
  3220 | D:4      | Killed Pikel
  3220 | D:4      | Reached skill level 10 in Axes
  3240 | D:4      | Killed Natasha
  3302 | D:4      | Found a shattered altar of Ashenzari.
  3367 | D:5      | Entered Level 5 of the Dungeon
  3403 | D:5      | Reached XP level 9. HP: 75/85 MP: 8/8
  3658 | D:5      | Noticed Blork the orc
  3671 | D:5      | Killed Blork the orc
  3827 | D:5      | Found an opulent altar of Gozag.
  3897 | D:5      | Noticed Grinder
  3907 | D:5      | Paralysed by Grinder for 2 turns
  3923 | D:5      | Killed Grinder
  4596 | D:6      | Reached skill level 11 in Axes
  4696 | D:6      | Found a glowing drain.
  4710 | Sewer    | Entered a sewer
  4769 | Sewer    | Reached skill level 10 in Fighting
  5357 | D:6      | Noticed abbott299's ghost (novice SpAs)
  5366 | D:6      | Killed abbott299's ghost
  5797 | D:7      | Found a radiant altar of Vehumet.
  5820 | D:7      | Noticed Duvessa
  5821 | D:7      | Noticed Dowan
  5833 | D:7      | Killed Duvessa
  5843 | D:7      | Killed Dowan
  5871 | D:7      | Found a staircase to the Ecumenical Temple.
  6023 | D:7      | Reached XP level 10. HP: 93/93 MP: 9/9
  6396 | D:8      | Found Zoarick's Food Boutique.
  6404 | D:8      | Bought a beef jerky for 19 gold pieces
  6404 | D:8      | Bought a royal jelly for 26 gold pieces
  6404 | D:8      | Bought a royal jelly for 26 gold pieces
  6572 | D:8      | Found a shimmering altar of Xom.
  6575 | D:8      | Found a shadowy altar of Dithmenos.
  6578 | D:8      | Found a burning altar of Makhleb.
  6775 | D:8      | Found Keman's Antique Armour Boutique.
  6778 | D:8      | Bought a pair of runed gloves for 304 gold pieces
  7167 | D:8      | Reached skill level 12 in Axes
  7371 | D:9      | Noticed Grum
  7409 | D:9      | Killed Grum
  7484 | D:9      | Found a staircase to the Lair.
  7598 | D:9      | Noticed Erolcha
  7600 | D:9      | Paralysed by Erolcha for 3 turns
  7612 | D:9      | Killed Erolcha
  7612 | D:9      | Reached skill level 13 in Axes
  7612 | D:9      | Reached skill level 10 in Shields
  7612 | D:9      | Reached XP level 11. HP: 49/101 MP: 5/10
  7800 | D:10     | Entered Level 10 of the Dungeon
  7873 | D:10     | Noticed a death knight
  7896 | D:10     | Killed a death knight
  8151 | D:10     | Noticed a hill giant
  8157 | D:10     | Killed a hill giant
  8226 | D:10     | Reached skill level 1 in Long Blades
  8618 | D:11     | Noticed an unseen horror
  8634 | D:11     | Killed an unseen horror
  8678 | D:11     | Reached skill level 10 in Armour
  8813 | D:11     | Reached skill level 5 in Long Blades
  8847 | D:11     | Paralysed by a hornet for 3 turns
  8857 | D:11     | You fall through a shaft for 2 floors!
  8857 | D:13     | Noticed a red ugly thing
  8872 | D:13     | Noticed an unseen horror
  8877 | D:13     | Killed an unseen horror
  8890 | D:13     | Noticed Megalobster's ghost (journeyman MiBe)
  8907 | D:13     | Mangled by Megalobster's ghost

Skill      XL: |  1  2  3  4  5  6  7  8  9 10 11 |
---------------+----------------------------------+-----
Armour         | 4 5 7 8 9 10 | 10.2
Fighting       | 4 9 10 11 | 11.4
Shields        | 4 5 7 8 9 10 | 10.7
Axes           | 3 5 9 10 11 13 | 13.7
Dodging        | 5 |  5.3
Long Blades    | 5 |  5.4
Stealth        | |  0.8

Action                   |  1- 3 |  4- 6 |  7- 9 | 10-12 || total
-------------------------+-------+-------+-------+-------++-------
Melee: War axe           |    99 |   116 |   303 |   260 ||   778
       Headbutt          |    13 |    11 |    54 |    87 ||   165
       Double sword      |       |       |       |   128 ||   128
  Use: Scroll            |       |     1 |    13 |     1 ||    15
       Potion            |       |     1 |     3 |     8 ||    12
  Eat: Beef jerky        |       |     1 |     1 |     5 ||     7
       Bread ration      |       |     1 |     1 |     1 ||     3
       Meat ration       |       |       |     1 |     1 ||     2
       Fruit             |       |       |       |     1 ||     1
Armor: Scale mail        |    25 |       |       |       ||    25
       Plate armour      |    28 |   117 |   143 |   202 ||   490
Dodge: Dodged            |    19 |    36 |    77 |   110 ||   242
Block: Shield            |    52 |   116 |   169 |   228 ||   565
       Rpst.: Double sword |       |       |       |    11 ||    11
